 Dungeon Crawl Stone Soup version 0.16-a0-1982-g8124c91 (webtiles) character file.

89 patman the Chucker (level 4, -5/44 HPs)
             Began as an Ogre Hunter on Nov 8, 2014.
             Killed by divine providence
             ... invoked by an orc priest
              (10 damage)
             ... on level 3 of the Dungeon.
             The game lasted 00:05:17 (1726 turns).

patman the Chucker (Ogre Hunter)                    Turns: 1726, Time: 00:05:17

Health: -5/44      AC:  3    Str: 17    XL:     4   Next: 55%
Magic:  4/4        EV: 13    Int: 10    God:
Gold:   103        SH:  0    Dex: 11    Spells: 0 memorised, 3 levels left

rFire  . . .     SeeInvis .     a - +1 club
rCold  . . .     Clarity  .     d - +0 animal skin
rNeg   . . .     SustAb   .     (shield restricted)
rPois  .         Gourm    .     (helmet restricted)
rElec  .         Spirit   .     (no cloak)
rCorr  .         Warding  .     (gloves unavailable)
rMut   .         Stasis   .     (boots unavailable)
MR     +....                    (no amulet)
Stlth  ++........               s - ring of protection from magic
                                i - +3 ring of evasion

@: lethally poisoned, somewhat resistant to hostile enchantments, unstealthy
A: unfitting armour, tough skin 1
a: no special abilities


You were on level 3 of the Dungeon.
You were not hungry.

You visited 1 branch of the dungeon, and saw 3 of its levels.

You collected 103 gold pieces.

Inventory:

Hand weapons
 a - a +1 club (weapon)
Missiles
 c - a throwing net (quivered)
 e - 8 needles of confusion
 m - 27 poisoned needles
Armour
 d - a +0 animal skin (worn)
Jewellery
 i - a +3 ring of evasion (left hand)
 r - an uncursed ring of ice
 s - a ring of protection from magic (right hand)
 t - an uncursed ring of magical power
Magical devices
 q - a wand of slowing (28)
Scrolls
 h - 2 scrolls of remove curse {unknown}
 j - a scroll of teleportation {unknown}
 k - a scroll of blinking {unknown}
 o - 2 scrolls of identify {unknown}
 v - a scroll of enchant weapon {unknown}
 w - a scroll of amnesia {unknown}
Potions
 g - a potion of beneficial mutation {unknown}
 p - a potion of might {unknown}
 x - a potion of invisibility {unknown}
Books
 n - a book of Clouds

   Spells                             Type                      Level
   Mephitic Cloud                     Conjuration/Poison/Air       3
   Conjure Flame                      Conjuration/Fire             3
   Poisonous Cloud                    Conjuration/Poison/Air       6
   Freezing Cloud                     Conjuration/Ice/Air          6
   Ring of Flames                     Charms/Fire                  7
Comestibles
 f - 2 meat rations
 l - 4 fruits
 u - a chunk of flesh


   Skills:
 - Level 2.6 Fighting
 * Level 4.1 Maces & Flails
 - Level 4.3 Throwing
 - Level 1.7 Dodging
 + Level 2.3 Stealth


You had 3 spell levels left.
You didn't know any spells.

Dungeon Overview and Level Annotations

Branches:
Dungeon (3/15)

Altars:


Innate Abilities, Weirdness & Mutations

You are too large for most types of armour.
You have tough skin (AC +1).


Message History

You kill the adder!
You feel sick.
The orc struggles to escape the net.
You start resting.
You feel sick.
You feel sick. The orc hits you but does no damage.
You hit the orc.
The orc is almost dead.
The orc misses you.
You hit the orc.
You kill the orc!
You hit the orc priest.
The orc priest is lightly wounded.
You feel sick.
The orc priest hits you but does no damage.
You hit the orc priest.
The orc priest is moderately wounded.
The orc priest calls down the wrath of Beogh upon you.
Something smites you!
You die...

#.....#...###
#....).......
####.#oo..#.####
#....#o##.# #
##.####(# ...
#.#.....#.# .o#
#.......#.# .>..
##....#.#.#####.
#......#.o@.#
#......#.o..#
#.........).#
#...#.......#
...#.#.##....#
##.#.#. #....#
## #....# #....#
#....#


You could see an orc priest and an orc.

Vanquished Creatures
  4 adders
  A giant mite (D:2)
  2 orcs (D:3)
  6 bats
  3 giant cockroaches
  5 goblins
  8 hobgoblins
  4 kobolds (D:1)
  2 quokkas (D:2)
  2 ball pythons (D:1)
  6 rats
43 creatures vanquished.

Notes
Turn   | Place    | Note
--------------------------------------------------------------
     0 | D:1      | patman, the Ogre Hunter, began the quest for the Orb.
     0 | D:1      | Reached XP level 1. HP: 22/22 MP: 1/1
   167 | D:1      | Reached skill level 1 in Stealth
   386 | D:1      | Reached skill level 1 in Maces & Flails
   421 | D:1      | Reached XP level 2. HP: 26/29 MP: 2/2
   898 | D:2      | Reached XP level 3. HP: 36/36 MP: 3/3
  1068 | D:2      | Reached XP level 4. HP: 25/44 MP: 4/4
  1726 | D:3      | Killed from afar by an orc priest

Action                   |  1- 3 |  4- 6 || total
-------------------------+-------+-------++-------
Melee: Club              |   110 |    57 ||   167
Throw: Large rock        |       |     5 ||     5
       Throwing net      |       |     1 ||     1
 Stab: Sleeping          |     1 |     1 ||     2
       Confused          |     1 |       ||     1
  Eat: Chunk             |       |     3 ||     3
